 Dungeon Crawl Stone Soup version 0.15-a0-717-ga3c592f (webtiles) character file.

116 MrRokkomies the Vexing (level 4, -4/21 HPs)
             Began as a Spriggan Enchanter on May 10, 2014.
             Slain by a sky beast (6 damage)
             ... on Level 3 of the Dungeon.
             The game lasted 00:07:54 (2418 turns).

MrRokkomies the Vexing (Spriggan Enchanter)         Turns: 2418, Time: 00:07:54

HP  -4/21        AC  4     Str  5      XL: 4   Next: 70%
MP  10/12        EV 18     Int 16      God:
Gold 117         SH  0     Dex 16      Spells:  3 memorised,  1 level left

rFire  . . .     SeeInvis +     a - +1 dagger
rCold  . . .     Clarity  .     w - +1 robe
rNeg   . . .     Conserve .     (shield restricted)
rPois  .         rCorr    .     (helmet restricted)
rElec  .         rRot     .     i - +0 cloak
SustAb . .       Spirit   .     (gloves unavailable)
rMut   .         Warding  .     (boots unavailable)
Gourm  .         Stasis   .     (no amulet)
MR     .....                    (no ring)
                                r - ring of invisibility

@: very quick, not resistant to hostile enchantments, fairly stealthy
A: unfitting armour, see invisible, herbivore 3, speed 3, slow metabolism 2
a: Evoke Invisibility


You were on level 3 of the Dungeon.
You were full.

You visited 1 branch of the dungeon, and saw 3 of its levels.

You collected 117 gold pieces.

Inventory:

Hand weapons
 a - a +1,+1 dagger (weapon)
 b - a +1,+1 sling of evasion
Missiles
 d - 11 darts (quivered)
 x - 16 stones
Armour
 i - a +0 cloak (worn)
 w - a +1 robe (worn)
Magical devices
 e - a wand of draining (4)
Comestibles
 g - a lemon
 t - a pear
 u - a bread ration
Scrolls
 f - 3 scrolls of magic mapping {unknown}
 h - a scroll of enchant weapon I {unknown}
 j - a scroll of teleportation {unknown}
 k - 2 scrolls of immolation {unknown}
 l - 4 scrolls of remove curse
 m - a scroll of recharging {unknown}
 n - a scroll of amnesia {unknown}
 v - 2 scrolls of identify
 y - a scroll of blinking {unknown}
Jewellery
 r - a ring of invisibility (left hand)
Potions
 o - 2 potions of curing
 p - a potion of haste
 q - 2 potions of restore abilities {unknown}
 s - a potion of brilliance {unknown}
 z - a potion of lignification {unknown}
 A - a potion of resistance {unknown}
Books
 c - a book of Maledictions

   Spells                             Type                      Level
   *Corona                            Hexes                        1
   Sure Blade                         Hexes/Charms                 2
   *Ensorcelled Hibernation           Hexes/Ice                    2
   Confuse                            Hexes                        3
   Dazzling Spray                     Conjuration/Hexes            3
   *Enslavement                       Hexes                        4


   Skills:
 - Level 2.0 Short Blades
 - Level 1.1 Throwing
 - Level 3.0 Dodging
 - Level 3.0 Stealth
 - Level 2.6 Spellcasting
 + Level 5.6 Hexes
 * Level 3.1 Evocations


You had one spell level left.
You knew the following spells:

 Your Spells              Type           Power        Failure   Level  Hunger
a - Corona                Hex            ###....      1%          1    #......
b - Ensorcelled Hibernat  Hex/Ice        ##....       10%         2    ##.....
c - Enslavement           Hex            ###.....     21%         4    #####..


Dungeon Overview and Level Annotations

Branches:
Dungeon (3/15)

Altars:
Dithmenos
Okawaru
Trog


Innate Abilities, Weirdness & Mutations

You are tiny and cannot use many weapons and most armour.
You have supernaturally acute eyesight.
You are a herbivore.
You cover ground extremely quickly.
You need consume almost no food.


Message History

You hit the sky beast.
The sky beast is almost dead.
The sky beast hits you. The sky beast shocks you.
You hit the sky beast but do no damage.
The sky beast is almost dead.
The sky beast closely misses you.
You closely miss the sky beast.
The sky beast is almost dead.
The sky beast closely misses you.
You barely miss the sky beast.
The sky beast is almost dead.
Casting: Ensorcelled Hibernation
Confirm with . or Enter, or press ? or * to list all spells.
Aiming: Ensorcelled Hibernation
Press: ? - help, Shift-Dir - straight line, f - sky beast
Aim: a sky beast (almost dead)
The sky beast resists.
The sky beast hits you.
* * * LOW HITPOINT WARNING * * *
The sky beast shocks you!
You die...

... ##... ..#...####
......#...#
....<.#...# ########
#...#...######.......
#....................
#.#...########.#...##
#.@.# ####...#...#
#Y..##...#....####
....###........#
#.....# #........#####
#.........)...........
####### #######.#...##
#.#...## #.#....#
#.##...#


You could see a sky beast.

Vanquished Creatures
  3 gnolls (D:2)
  3 adders
  2 giant geckos
  2 orcs (D:3)
  8 goblins
  5 hobgoblins
  3 jackals (D:3)
  7 kobolds
  2 quokkas (D:3)
  A ball python (D:2)
  7 bats
  5 giant cockroaches
  3 giant newts
  9 rats
60 creatures vanquished.

Notes
Turn   | Place    | Note
--------------------------------------------------------------
     0 | D:1      | MrRokkomies, the Spriggan Enchanter, began the quest for the Orb.
     0 | D:1      | Reached XP level 1. HP: 9/9 MP: 4/4
   347 | D:1      | Reached skill level 4 in Hexes
   629 | D:1      | Reached XP level 2. HP: 13/13 MP: 7/7
   633 | D:1      | Learned a level 2 spell: Ensorcelled Hibernation
   911 | D:2      | Found an iron altar of Okawaru.
  1161 | D:2      | Reached XP level 3. HP: 16/16 MP: 7/9
  1186 | D:2      | Reached skill level 1 in Evocations
  1265 | D:2      | Found a shadowy altar of Dithmenos.
  1591 | D:2      | Reached skill level 5 in Hexes
  1741 | D:2      | Reached XP level 4. HP: 17/21 MP: 4/12
  1803 | D:2      | Learned a level 4 spell: Enslavement
  1837 | D:3      | Found a bloodstained altar of Trog.
  2393 | D:3      | Noticed a sky beast
  2418 | D:3      | Slain by a sky beast

Action                   |  1- 3 |  4- 6 || total
-------------------------+-------+-------++-------
Melee: Dagger            |    81 |    99 ||   180
Throw: Dart              |    10 |       ||    10
 Cast: Ensorcelled Hiber |    13 |    10 ||    23
Evoke: Wand              |       |     1 ||     1
  Use: Scroll            |     4 |       ||     4
       Potion            |       |     1 ||     1
 Stab: Sleeping          |    11 |     8 ||    19
